 Dungeon Crawl Stone Soup version 0.31-a0-810-ga77100ea1a (webtiles) character file.

Game seed: 7035626715151685894

1706 CowFu the Cleaver (level 8, 0/66 HPs)
             Began as a Minotaur Fighter on Sept 21, 2023.
             Slain by Pikel
             ... wielding a +1 whip of flaming
              (2 damage)
             ... on level 6 of the Dungeon.
             The game lasted 00:03:39 (4335 turns).

CowFu the Cleaver (Minotaur Fighter)                Turns: 4335, Time: 00:03:40

Health: 0/66       AC: 13    Str: 24    XL:     8   Next: 73%
Magic:  7/7        EV:  6    Int:  5    God:
Gold:   292        SH:  5    Dex: 15    Spells: 7/7 levels left

rFire   . . .        a - +0 war axe
rCold   . . .        c - +0 buckler
rNeg    . . .        m - +0 plate armour
rPois   .            (helmet restricted)
rElec   .            i - +1 cloak
rCorr   .            (no gloves)
SInv    .            (no boots)
Will    .....        (no amulet) Stlth
                     j - +6 ring of dexterity
HPRegen 0.31/turn    (no ring)
MPRegen 0.10/turn

%: no passive effects
@: mighty
A: horns 2, retaliatory headbutt
a: no special abilities


You were on level 6 of the Dungeon.
You visited 1 branch of the dungeon, and saw 7 of its levels.

You collected 292 gold pieces.

Inventory:

Hand Weapons
 a - a +0 war axe (weapon)
 b - a +3 flail
Armour
 c - a +0 buckler (worn)
 i - a +1 cloak (worn)
 m - a +0 plate armour (worn)
Jewellery
 j - a +6 ring of dexterity (left hand)
 t - a ring of wizardry
Wands
 v - a wand of flame (9)
Scrolls
 d - a scroll of fog {unknown}
 f - 6 scrolls of identify {unknown}
 k - 3 scrolls of fear {unknown}
 o - a scroll of amnesia {unknown}
 p - a scroll of poison {unknown}
 q - a scroll of enchant armour {unknown}
 u - a scroll of noise {unknown}
Potions
 e - 4 potions of curing {unknown}
 g - a potion of lignification {unknown}
 h - a potion of degeneration {unknown}
 l - 3 potions of heal wounds {unknown}
 n - 2 potions of cancellation {unknown}
 s - a potion of brilliance {unknown}


   Skills:
 - Level 3.6 Fighting
 + Level 13.4 Axes
 - Level 3.6 Armour
 - Level 3.6 Shields


You had 7 spell levels left.
You didn't know any spells.
Your spell library contained the following spells:

 Spells                   Type           Power      Damage    Failure   Level
 Apportation              Tloc           0%         N/A       100%        1
 Necrotise                Necr           0%         1d4       100%        1
 Shock                    Conj/Air       0%         1d3       100%        1
 Summon Small Mammal      Summ           0%         N/A       100%        1
 Blink                    Tloc           0%         N/A       100%        2
 Gell's Gravitas          Tloc           0%         N/A       100%        3
 Summon Guardian Golem    Hex/Summ       0%         N/A       100%        3
 Swiftness                Air            0%         N/A       100%        3
 Teleport Other           Tloc           0%         N/A       100%        3
 Airstrike                Air            0%         2d(0-16)  100%        4
 Manifold Assault         Tloc           0%         N/A       100%        4
 Dispersal                Tloc           0%         N/A       100%        6
 Orb of Destruction       Conj           0%         9d5       100%        7
 Spellforged Servitor     Conj/Summ      0%         N/A       100%        7


Dungeon Overview and Level Annotations

Branches:
Dungeon (7/15)
 Temple: D:4-7

Altars:
Fedhas
Ru
Vehumet

Shops:
D:2 :

Annotations:
D:3 3 runed translucent doors, Phlounder's ghost, amateur DjMo
D:6 Pikel


Innate Abilities, Weirdness & Mutations

You have a pair of horns on your head.
You reflexively headbutt those who attack you in melee.


Message History

You are too injured to fight recklessly!
You are too injured to fight recklessly!
You are too injured to fight recklessly!
You are too injured to fight recklessly!
You are too injured to fight recklessly!
You are too injured to fight recklessly!
You hit Pikel but do no damage.
Pikel is heavily wounded.
You hit the lemure but do no damage. You closely miss the lemure.
You miss something. You barely miss the lemure. You block the lemure's attack.
Pikel barely misses you. The lemure hits you but does no damage.
The lemure completely misses you.
You hear some strange, mumbled words.
A magic dart appears from out of thin air!
The magic dart hits you!
* * * LOW HITPOINT WARNING * * *
You feel very mighty all of a sudden. The lemure hits you but does no damage.
Pikel hits you with a +1 whip of flaming.
* * * LOW HITPOINT WARNING * * *
Pikel burns you.
* * * LOW HITPOINT WARNING * * *
The lemure hits you but does no damage. The lemure closely misses you.
Something hits you but does no damage.
You barely miss Pikel.
Pikel is heavily wounded.
You closely miss the lemure. You slash the lemure! You barely miss something.
You barely miss the lemure. You barely miss Pikel.
Pikel is heavily wounded.
You barely miss the lemure. You closely miss the lemure. You miss something.
You slash the lemure! Something hits you but does no damage.
The lemure hits you.
* * * LOW HITPOINT WARNING * * *
The lemure hits you.
* * * LOW HITPOINT WARNING * * *
The lemure hits you but does no damage.
Pikel hits you with a +1 whip of flaming.
You die...
Pikel says, "See you in Hell!"

#.# ####.####..##
#....{.......
#.##.##.....# ##
#.##.# ...## ..
#.##.# ..# .#
#.##.. .# 5#
#.####
#####K#####. #.#
##+#...@{o.....
###.#
##....#555......
....#
##.....##......##
..###
##....(.#####..##
...####.......#
....
......+.......##
....
...####........#
### ... #.##
##.......#...#
... #.###
##..........#


You could see Pikel, 3 lemures, an orc wizard and an ufetubus.

Vanquished Creatures
  Sigmund (D:6)
  A water moccasin (D:7)
  3 black bears
  Pargi (D:4)
  A centaur (D:5)
  A phantom (D:7)
  A kobold brigand (D:6)
  A lemure (D:6)
  A bullfrog (D:6)
  2 scorpions (D:5)
  3 hounds
  A jelly (D:5)
  A gnoll bouda (D:4)
  2 iguanas (D:5)
  Natasha (thrice) (D:4)
  7 orc wizards
  7 gnolls
  6 adders
  2 worms
  4 dart slugs
  9 orcs
  5 bats
  8 endoplasms
  2 giant cockroaches
  6 hobgoblins
  5 jackals
  10 kobolds
  6 ball pythons
  3 frilled lizards
  8 goblins
  2 rats (D:3)
113 creatures vanquished.

Notes
Turn   | Place    | Note
-------+----------+-------------------------------------------
     0 | D:1      | CowFu the Minotaur Fighter began the quest for the Orb.
     0 | D:1      | Reached XP level 1. HP: 19/19 MP: 0/0
    24 | D:1      | Reached skill level 3 in Axes
    79 | D:1      | Reached XP level 2. HP: 27/27 MP: 1/1
   117 | D:1      | Found a faded altar of an unknown god.
   558 | D:2      | Reached skill level 4 in Axes
   581 | D:2      | Found Ivaur's Book Emporium.
   671 | D:2      | Reached XP level 3. HP: 23/33 MP: 2/2
  1323 | D:3      | Reached skill level 5 in Axes
  1337 | D:3      | Found a runed translucent gate.
  1337 | D:3      | Found a runed translucent gate.
  1337 | D:3      | Found a runed translucent gate.
  1381 | D:3      | Reached XP level 4. HP: 40/40 MP: 3/3
  1468 | D:3      | Noticed a black bear
  1479 | D:3      | Killed a black bear
  1480 | D:3      | Reached skill level 6 in Axes
  1480 | D:3      | Reached XP level 5. HP: 12/46 MP: 4/4
  1822 | D:3      | Reached skill level 7 in Axes
  1832 | D:3      | Noticed Phlounder's ghost (amateur DjMo)
  2234 | D:4      | Noticed Pargi
  2244 | D:4      | Killed Pargi
  2245 | D:4      | Reached skill level 8 in Axes
  2245 | D:4      | Reached XP level 6. HP: 33/52 MP: 5/5
  2370 | D:4      | Noticed Natasha
  2379 | D:4      | Killed Natasha
  2505 | D:4      | You fall into a shaft and drop 1 floor!
  2505 | D:5      | Entered Level 5 of the Dungeon
  2521 | D:5      | Reached skill level 9 in Axes
  2521 | D:5      | Reached XP level 7. HP: 57/58 MP: 6/6
  2618 | D:5      | Reached skill level 10 in Axes
  2999 | D:5      | Found a blossoming altar of Fedhas.
  3009 | D:5      | Reached skill level 11 in Axes
  3360 | D:5      | Reached XP level 8. HP: 31/66 MP: 7/7
  3543 | D:4      | Noticed Natasha
  3553 | D:4      | Killed Natasha
  3555 | D:4      | Noticed Natasha
  3562 | D:4      | Killed Natasha
  3688 | D:4      | Found a sacrificial altar of Ru.
  4088 | D:6      | Reached skill level 12 in Axes
  4164 | D:6      | Found a radiant altar of Vehumet.
  4205 | D:6      | Noticed Sigmund
  4278 | D:6      | Killed Sigmund
  4279 | D:6      | Reached skill level 13 in Axes
  4320 | D:6      | Noticed Pikel
  4335 | D:6      | HP: 2/66 [lemure[Pikel] (2)]
  4335 | D:6      | Slain by Pikel

Illustrated notes

Levels and vault maps discovered:
D:1:      reono_arrival_mine, layout_rooms, basic_ecumenical_altar,
          minmay_fountain_box
D:2:      layout_loops_corners, serial_shops, shop
D:3:      layout_basic, ebering_ghost_rock_garden, st_stairs_3
D:4:      layout_rooms, mainiacjoe_overflow_tiny_flanked, uniq_pargi,
          uniq_natasha
D:5:      layout_basic, amcnicky_altar_gilded
D:6:      minmay_flawed_box, layout_loops_corners, vehumet_altar_wand_db,
          lemuel_crystal_altar, minmay_temple_entry_hall, serial_shops,
          nicolae_shop_hallway_stairs, ebering_ghost_reflecting_pool,
          uniq_sigmund, uniq_pikel
D:7:      layout_basic, mainiacjoe_overflow_alcove_2, grunt_ministairs_7,
          kennysheep_generic_room_8

Skill      XL: |  1  2  3  4  5  6  7  8 |
---------------+-------------------------+-----
Axes           | 3 4 5 6 8 9 11 13 | 13.4
Fighting       | |  3.6
Armour         | |  3.6
Shields        | |  3.6

Action                     |  1- 3 |  4- 6 |  7- 9 || total
---------------------------+-------+-------+-------++-------
  Melee: War axe           |    58 |    74 |   138 ||   270
         Headbutt          |     7 |    17 |    36 ||    60
    Use: Potion            |       |     1 |     1 ||     2
 Armour: Scale mail        |    45 |    22 |       ||    67
         Plate armour      |       |    76 |   169 ||   245
  Dodge: Dodged            |    25 |    25 |    41 ||    91
  Block: Buckler           |     9 |    21 |    30 ||    60

Table legend: (Time is in decaauts)
 A = Elapsed time spent in this place.
 B = Non-inter-level travel time spent in this place.
 C = Inter-level travel time spent in this place.
 D = Time resting spent in this place.
 E = Time spent auto-exploring this place.
 F = Levels seen in this place.
 G = Mean time per level.
                   A        B        C        D        E       F      G
               +--------+--------+--------+--------+--------+-----+--------+
         Total |   4374 |   4226 |    148 |      0 |   3539 |   7 |  624.9 |
       Dungeon |   4374 |   4226 |    148 |      0 |   3539 |   7 |  624.9 |
               +--------+--------+--------+--------+--------+-----+--------+

Top non-repeatable levels by time:
     D:5: 1049 daAuts
     D:3: 1045 daAuts
     D:2: 772 daAuts
     D:4: 683 daAuts
     D:1: 443 daAuts
     D:6: 340 daAuts
     D:7: 39 daAuts
